Cogmind - Beta 10.2 *** ADVENTURER MODE // 2021.09.20 @ 18:16:21 Player: GipsyDog Result: Destroyed by 8R-AWN with 8R-AWN's Boregun Performance ------------- Evolutions (0) 0 Regions Visited (3) 600 Robots Destroyed (21) 105 Value Destroyed (511) 511 Prototype IDs (0) 0 Alien Tech Used (0) 0 Bonus (35) 35 TOTAL SCORE: 1251 Bonus ------- Follower Combat Kills 60 Friendly Fire -25 Cogmind --------- Core Integrity 0/250 Matter 300/300 Energy 98/100 System Corruption 0% Temperature Cool (0) Movement Core (50) Location -10/Exiles Parts ------- > --- POWER (1) -------- (None) > --- PROPULSION (2) --- (None) > --- UTILITY (2) ------ Improved Terrain Scanner Seismic Analyzer > --- WEAPON (2) ------- (None) > --- INVENTORY (4) ---- Fission Core Light Fission Core Rocket Launcher Mining Laser Peak State ------------ > --- POWER ------------ Light Nuclear Core > --- PROPULSION ------- Aluminum Leg Aluminum Leg > --- UTILITY ---------- Improved Terrain Scanner Seismic Analyzer > --- WEAPON ----------- Particle Gun Rocket Launcher > --- INVENTORY -------- Heat Sink Weapon Shielding Assault Rifle Mining Laser [Rating: 12] Favorites ----------- Power Light Nuclear Core Engine Light Ion Engine Power Core Light Nuclear Core Propulsion Aluminum Leg Leg Aluminum Leg Wheel Wheel Utility Seismic Analyzer Device Improved Terrain Scanner Storage Small Storage Unit Processor Seismic Analyzer Protection Weapon Shielding Weapon Particle Gun Energy Gun Particle Gun Ballistic Gun Assault Rifle Launcher Rocket Launcher Special Weapon Mining Laser Build | -11 -10 -10 -10 ------- Run | Scr Mat Min Exi Slots Evolved . | . . . . Power . | . . . . Propulsion . | . . . . Utility . | . . . . Weapon . | . . . . Parts Attached 39 | 10 11 17 1 Power 7 | 1 1 4 1 Engine 2 | 1 1 . . Core 5 | . . 4 1 Reactor . | . . . . Propulsion 10 | 4 2 4 . Treads . | . . . . Leg 8 | 2 2 4 . Wheel 2 | 2 . . . Hover . | . . . . Flight . | . . . . Utility 6 | 3 1 2 . Device 2 | 1 . 1 . Storage 2 | 1 1 . . Processor 1 | 1 . . . Hackware . | . . . . Protection 1 | . . 1 . Artifact . | . . . . Weapon 16 | 2 7 7 . Energy Gun 8 | 1 6 1 . Energy Cannon . | . . . . Ballistic Gun 6 | 1 1 4 . Ballistic Cannon . | . . . . Launcher 1 | . . 1 . Special Weapon 1 | . . 1 . Impact Weapon . | . . . . Slashing Weapon . | . . . . Piercing Weapon . | . . . . Special Melee Weapon . | . . . . Unidentified Prototypes . | . . . . Parts Lost 6 | . 1 . 5 Power 2 | . 1 . 1 Propulsion 2 | . . . 2 Utility . | . . . . Weapon 2 | . . . 2 Highest Loss Streak 5 | . 1 . 5 Average Slot Usage (%) 97 | . 95 99 92 Engine 4 | . 12 . . Core 8 | . . 13 12 Leg 27 | . 28 28 25 Device 8 | . 10 5 14 Storage 3 | . 3 3 . Processor 14 | . 14 14 14 Protection 2 | . . 4 . Energy Gun 18 | . 22 16 13 Ballistic Gun 5 | . 2 5 13 Launcher 1 | . . 3 . Special Weapon 1 | . . 2 . Naked Turns . | . . . . Heaviest Build 15 | 11 13 15 11 Greatest Support 20 | 20 20 20 20 Greatest Overweight (x) . | . . . . Average Overweight (x) . | . . . . Largest Inventory Capacity 6 | 6 6 6 4 Average Capacity 4 | 5 4 4 4 Most Carried 6 | 6 6 6 4 Average Carried 4 | 3 4 4 3 Final Capacity 6 | 4 6 4 4 Final Carried 6 | 3 6 4 4 Class Distribution -------------------- 77% | Scavenger-Mutant 22% | Mutant Dominant Class ---------------- Scavenger-Mutant | -10/Materials Scavenger-Mutant | -10/Mines Scavenger-Mutant | -10/Exiles Resources | -11 -10 -10 -10 ----------- Run | Scr Mat Min Exi Matter Collected 679 | 281 163 235 . Remotely . | . . . . Salvage Created 886 | 98 289 499 . Parts 41 | 4 18 19 . Haulers Intercepted . | . . . . Recyclers Shooed 2 | 1 1 . . Parts Field Recycled . | . . . . Retrieved Matter . | . . . . Parts Self-Destructed . | . . . . Prevented . | . . . . Kills | -11 -10 -10 -10 ------- Run | Scr Mat Min Exi Combat Hostiles Destroyed 16 | . 7 9 . Guns 16 | . 7 9 . Classes Destroyed 5 | 2 2 1 . Worker 1 | . . 1 . Tunneler 1 | 1 . . . Recycler 3 | 1 1 1 . Swarmer 6 | . 3 3 . Grunt 10 | . 4 6 . Best Kill Streak 5 | 2 5 4 . Combat Bots Only 4 | . 4 3 . Max Kills in Single Turn 2 | 1 1 2 . Gunslinging 1 | . . 1 . Exploded . | . . . . Melee . | . . . . Uniques/NPCs Destroyed . | . . . . Combat | -11 -10 -10 -10 -------- Run | Scr Mat Min Exi Damage Taken 997 | . 269 253 475 Core 257 | . 33 46 178 Absorbed by Shields . | . . . . Core Remaining (%) 100 | 100 . . . Volleys Fired 60 | 5 29 25 1 Largest 2 | 2 2 2 2 Hottest 130 | 70 100 130 85 Shots Fired 100 | 10 40 48 2 Gun 98 | 10 40 46 2 Cannon . | . . . . Launcher 1 | . . 1 . Special 1 | . . 1 . Kinetic 32 | 5 18 8 1 Thermal 67 | 5 22 39 1 Explosive 1 | . . 1 . Electromagnetic . | . . . . Robot Hit Streak 36 | 9 36 24 10 Robot Miss Streak 1 | . 1 1 . Penetration Max . | . . . . Secondary Targets 1 | . . 1 . Max Gunslinging Chain 1 | . . 1 . Shots Hit Robots 79 | 9 36 32 2 Core Hits 38 | 3 15 19 1 Critical Hits . | . . . . Critical Kills . | . . . . Critical Parts Destroyed . | . . . . Melee Attacks . | . . . . Impact . | . . . . Slashing . | . . . . Piercing . | . . . . Sneak Attacks . | . . . . Combat Hostiles . | . . . . Follow-up Attacks . | . . . . Damage Inflicted 1115 | 111 442 537 25 Guns 1086 | 111 442 508 25 Cannons . | . . . . Explosions 29 | . . 29 . Melee . | . . . . Ramming . | . . . . Kinetic 349 | 50 229 58 12 Thermal 737 | 61 213 450 13 Explosive 29 | . . 29 . Electromagnetic . | . . . . Impact . | . . . . Slashing . | . . . . Piercing . | . . . . Highest Corruption . | . . . . Average Corruption . | . . . . Corruption Purged . | . . . . Overload Shots . | . . . . Overflow Damage . | . . . . Projectiles . | . . . . Explosions . | . . . . Melee . | . . . . Knockbacks . | . . . . Impact . | . . . . Kinetic . | . . . . Secondary . | . . . . Self-Inflicted Damage 16 | . . 16 . Shots 1 | . . 1 . Rammed . | . . . . Targets Rammed . | . . . . Kicked . | . . . . Crushed . | . . . . Highest Temperature 312 | 18 291 312 30 Average Temperature 104 | 9 135 102 18 Received Heat Transfer 306 | . 150 156 . Effects 2 | . 1 1 . Energy Bleed 2 | . 1 1 . Siege Activations . | . . . . Robots Corrupted . | . . . . Combat Hostiles . | . . . . Parts Fried . | . . . . Impact Corruptions . | . . . . Robots Melted . | . . . . Combat Hostiles . | . . . . Parts Melted 2 | . 1 1 . Heat Transferred 1887 | 185 629 1036 37 Parts Sabotaged . | . . . . Parts Stolen . | . . . . Parts Stripped . | . . . . Power Chain Reactions . | . . . . Missiles Intercepted . | . . . . Alert | -11 -10 -10 -10 ------- Run | Scr Mat Min Exi Peak Influence 294 | 10 185 294 . Initial 61 | . 5 61 . Average 147 | 3 125 179 . Maximum Alert Level 1 | . . 1 . Low Security (%) 82 | 100 100 70 . Level 1 17 | . . 29 . Level 2 . | . . . . Level 3 . | . . . . Level 4 . | . . . . Level 5 . | . . . . High Security . | . . . . Max Security . | . . . . Squads Dispatched . | . . . . Investigation . | . . . . Extermination . | . . . . Reinforcement . | . . . . Assault . | . . . . Garrison . | . . . . Intercept . | . . . . Construction Impeded . | . . . . Haulers Reinforced . | . . . . Stealth | -11 -10 -10 -10 --------- Run | Scr Mat Min Exi Distress Signals . | . . . . Communications Jammed . | . . . . Distress Signals . | . . . . Times Spotted 29 | . 9 12 8 Peak Tracking Total 9 | . 4 3 9 Tactical Retreats 1 | . . 1 . Traps | -11 -10 -10 -10 ------- Run | Scr Mat Min Exi Traps Triggered . | . . . . Indirectly . | . . . . Trap Hack Attempts . | . . . . Triggered . | . . . . Disarmed . | . . . . Reprogrammed . | . . . . Reused . | . . . . Traps Extracted . | . . . . Installed . | . . . . Triggered . | . . . . Machines | -11 -10 -10 -10 ---------- Run | Scr Mat Min Exi Machines Disabled 2 | . . 2 . Max in Single Turn 1 | . . 1 . Machines Sabotaged . | . . . . Garrisons Compromised . | . . . . Overloaded Fab Kills . | . . . . Fab Network Shutdowns . | . . . . Hacking | -11 -10 -10 -10 --------- Run | Scr Mat Min Exi Machines Accessed 3 | . 3 . . Terminals 2 | . 2 . . Fabricators . | . . . . Repair Stations 1 | . 1 . . Recycling Units . | . . . . Scanalyzers . | . . . . Garrison Access . | . . . . Total Hacks 8 | . 8 . . Successful 5 | . 5 . . Failed 3 | . 3 . . Catastrophic . | . . . . Database Lockouts . | . . . . Manual 2 | . 2 . . Terminals 4 | . 4 . . Fabricators . | . . . . Repair Stations 4 | . 4 . . Recycling Units . | . . . . Scanalyzers . | . . . . Garrison Access . | . . . . Terminal Hacks 1 | . 1 . . Dispatch Records 1 | . 1 . . Fabricator Hacks . | . . . . Repair Station Hacks 4 | . 4 . . Scan Component 2 | . 2 . . Repair 2 | . 2 . . Recycling Unit Hacks . | . . . . Scanalyzer . | . . . . Garrison Access Hacks . | . . . . Unauthorized Hacks . | . . . . Terminals . | . . . . Fabricators . | . . . . Repair Stations . | . . . . Recycling Units . | . . . . Scanalyzers . | . . . . Garrison Access . | . . . . Data Cores Recovered . | . . . . Used . | . . . . Hacking Detections 1 | . 1 . . Full Trace Events 1 | . 1 . . Feedback Events . | . . . . Feedback Blocked . | . . . . Robot Schematics Acquired . | . . . . Robots Built . | . . . . Matter . | . . . . Time . | . . . . Total Robot Build Rating . | . . . . Part Schematics Acquired . | . . . . Parts Built . | . . . . Matter . | . . . . Time . | . . . . Total Part Build Rating . | . . . . Parts Repaired 2 | . 2 . . Time 64 | . 64 . . Parts Recycled . | . . . . Recycled Matter . | . . . . Retrieved Matter . | . . . . Retrieved Components . | . . . . Parts Scanalyzed . | . . . . Part Schematics Acquired . | . . . . Parts Damaged . | . . . . Bothacking | -11 -10 -10 -10 ------------ Run | Scr Mat Min Exi Used RIF Installer . | . . . . Robots Hacked . | . . . . Non-combat . | . . . . Combat . | . . . . Robot Hacks Applied . | . . . . Relay Couplers Released . | . . . . Robots Rewired . | . . . . Allies Hacked . | . . . . Hacks Repelled . | . . . . Allies | -11 -10 -10 -10 -------- Run | Scr Mat Min Exi Total Allies 1 | . . 1 . Largest Group 1 | . . 1 . Highest-Rated Group 31 | . . 31 . Highest-Rated Ally 31 | . . 31 . Total Orders . | . . . . Ally Attacks 11 | . . 11 . Total Damage 106 | . . 106 . Kills 2 | . . 2 . Allies Corrupted . | . . . . Allies Melted . | . . . . Intel | -11 -10 -10 -10 ------- Run | Scr Mat Min Exi Robot Analysis Total . | . . . . Derelict Logs Recovered 1 | . . 1 . Drone Launches . | . . . . Drone Recoveries . | . . . . Exploration | -11 -10 -10 -10 ------------- Run | Scr Mat Min Exi Turns Passed 1190 | 80 371 607 132 Spaces Moved 736 | 56 201 372 107 Core 11 | 5 . . 6 Treads . | . . . . Legs 676 | 2 201 372 101 Wheels 49 | 49 . . . Hover . | . . . . Flight . | . . . . Fastest Speed 50 | 50 120 120 50 Average Speed 116 | 78 120 120 116 Slowest Speed 120 | 120 120 120 120 Overloaded Moves . | . . . . Propulsion Burnouts . | . . . . Robots Hopped . | . . . . Cave-ins Triggered . | . . . . Exploration Rate (%) 34 | 3 48 60 26 Regions Visited 3 Branch Regions 2 Pre-discovered Areas 1 | . . 1 . Known Exits Taken . | . . . . Unknown Exits Taken 3 | 1 1 1 . Scrap Searched . | . . . . Spaces Dug 1 | . . 1 . Terrain Destroyed 17 | . . 17 . Melee . | . . . . Projectile 1 | . . 1 . AOE 16 | . . 16 . Terrain Rammed . | . . . . Walls Destroyed . | . . . . Machines Disabled . | . . . . Actions | -11 -10 -10 -10 --------- Run | Scr Mat Min Exi Total 965 | 78 289 484 114 Wait 91 | . 39 52 . Move 733 | 55 200 371 107 Hop . | . . . . Pick Up 18 | 6 5 5 2 Fast Attach 14 | 6 4 3 1 Attach 4 | 1 1 2 . Detach . | . . . . Swap 21 | 3 6 12 . Drop 24 | 2 5 14 3 Fire 60 | 5 29 25 1 Melee . | . . . . Ram . | . . . . Kick . | . . . . Crush . | . . . . Escape Stasis . | . . . . Rewire . | . . . . Trap . | . . . . Miscellaneous . | . . . . Route ------- -11/Scrapyard -10/Materials (discovered 2 exits: [*Min x2]) -10/Mines (discovered 3 exits: [*Mat x2] / [*Exi]) -10/Exiles (discovered 1 exit: [*Min]) History --------- Turn | Location | Event 16 | -11/Scrapyard | Discovered new exit (range 15) 81 | -11/Scrapyard | Entered Materials 146 | -10/Materials | Discovered new exit (range 14) 322 | -10/Materials | Discovered new exit (range 16) 405 | -10/Materials | Repaired Particle Gun 444 | -10/Materials | Repaired Particle Gun 452 | -10/Materials | Entered Mines 564 | -10/Mines | Build established: Scavenger-Mutant 747 | -10/Mines | Learned location of Zion (-7) 765 | -10/Mines | Received a Rocket Launcher from a helpful Derelict 782 | -10/Mines | Received a Mining Laser from a helpful Derelict 835 | -10/Mines | Discovered new exit (range 6) 1033 | -10/Mines | Discovered new exit (range 7) 1051 | -10/Mines | Deemed a non-threat by the Exiles lab entrance 1053 | -10/Mines | Discovered new exit (range 5) 1059 | -10/Mines | Entered Exiles 1096 | -10/Exiles | Discovered new exit (range 14) 1136 | -10/Exiles | Met 8R-AWN 1156 | -10/Exiles | Met EX-HEX 1167 | -10/Exiles | Attacked by the Exiles 1170 | -10/Exiles | Core integrity fell below 50% 1186 | -10/Exiles | Core integrity fell below 20% 1191 | -10/Exiles | Destroyed by 8R-AWN with 8R-AWN's Boregun Last Messages --------------- 01169_ as-00887 destroyed. 01171_ Lgt. Nuclear Core destroyed. 01171_ HV Slug penetrates Wall. 01171_ Machine disabled. 01171_ HV Slug penetrates Machine. 01171_ Machine disabled. 01171_ HV Slug penetrates as-15329. 01174_ Penetrated by HV Slug. 01174_ HV Slug penetrates as-77319. 01174_ as-77319 suffers critical hit. 01174_ Penetrated by HV Slug. 01174_ HV Slug penetrates as-77319. 01174_ Aluminum Leg destroyed. 01186_ Machine disabled. 01187_ Penetrated by HV Slug. 01187_ Critical hit. 01187_ Assault Rifle destroyed. 01188_ Particle Gun destroyed. 01188_ Aluminum Leg destroyed. 01191_ Penetrated by HV Slug. Map ----- +----------------------------------------------------+ | ?????????????????????????????????????????????????? | | ?????????????????????????????????????????????????? | | ?????????????????????????????????????????????????? | | ?????????????????????????????????????????????????? | | ?????????????????????????????????????????????????? | | ?????????????????????????????????????????????????? | | ?????????????????????????????????????????????????? | | ?????????????????????????????????????????????????? | | ?????????????????????????????????????????????????? | | ?????????????????????????????????????????????????? | | ?????????????????????????????????????????????????? | | ?????????????????????????????????????????????????? | | ?????????????????????????????????????????????????? | | ?????????????????????????????????????????????????? | | ?????????????????????????????"?????????#?????????? | | ??????????????????????????????#??????????????#???? | | ??????????????#"?????????????????????????????????? | | ??????????????#" ????????????????????????????????? | | ??????????????"" ?????????#?#???????????????????? | | ?????????????"" ????????????????????#????#???#? | | ?????????????"" ???????#???#???#??#??????????? | | ???????????? "" ?????###########???#????????? | | ??????????? " #####"""""""""##????#??????# | | ?????????? """ """"##??????#?#?? | | ?????????? "" " #?????#????? | | ?????????? @ " """#??????????? | | ?????????? "a"#???##??#?#? | | ?????????? a " "##??#????### | | ??????????? a a ""###??#????# | | ??????????? """""" """##???#### | | ???????????????##""" "#?#??### | | ????????????????#####""" ##?### | | ????????????????????##""" ##?## | | ?????????????????????#"""" ### | | ?????????????????????#"" | | ??????????????????????""" | | ?????????????????????? "" | | ?????????????????????? # ""# | | ????????????????????? ###### | | ????????????????????? ##????? | | ????????????????????? " ##???#?? | | ?????????????????????? """ " #?#??#?? | | ????????????????????????" " ""#" % "####????? | | ??????????????????????????? "??##"" ""###???#??# | | ????????????????????????????""??#########??#????## | | ??????????????????????????????????#?????#?###????? | | ??????????????????????????????#??##?????#????????? | | ???????????????????????????#???????##?#????????#?? | | ?????????????????????????????????????????????#???# | | ????????????????????????????#????????????????????# | +----------------------------------------------------+ Best States ------------- Heat Dissipation 25 Energy Generation 14 Energy Capacity 160 Matter Stores 300 Matter Capacity 300 Sight Range 16 Terrain Scan Range 16 Terrain Scan Density 60 Resistance: KI 20 Resistance: TH 20 Resistance: EX 20 Resistance: EM 20 Resistance: I 20 Resistance: S 20 Resistance: P 20 Weapon Shielding 33 Evasion (%) 50 Offensive Hacking 10 Item Schematics ----------------- None Robot Schematics ------------------ None Fabricated ------------ Nothing Alien Tech Used ----------------- None Achievements -------------- None Challenges ------------ None Game ------ Seed ParticleTeslaScythe Manual? 0 Play Time 00:28:40 Cumulative 22.1 hours Start 2021.09.20 @ 12:54:25 End 2021.09.20 @ 18:16:21 Sessions 2 Manual Loads 0 Difficulty Adventurer Special Mode None Game No. 21 Rogue 14 Adventurer 7 Explorer 0 Win Type - Total 0 Types 0/0/0/0/0/0/0/0/0 Lore% 11 Gallery% 25 Achievement% 17 Wizard Run 0 Options --------- ASCII 0 Keyboard 0 Movement Mouse Keybinds 0 Fullscreen 2 Font 18/TerminusBold Map View 76x50 Tactical HUD 1 Map Filters NONE Filters NONE Steam 1 RUN: 4a9985bf-467b-4d5b-9479-9332772373bf